AoeStats
← albanplumed

African Clearing

504594184Analyzed
4v4 RM · 25d ago on Sep 5, 2026· 24m 54s· 8 players
Game mode
Random Map
Map size
Large (8 player)
Population
200
Speed
Normal
Resources
Standard
Victory
Conquest
Starting age
Dark Age
Ending age
Imperial Age
RankedLock teamsTeams togetherTeam positionsShared explorationLock speedFull tech treeHidden civsTurbo modeCheats
Victory
Defeat
🇹🇷 Koreans · Türkiye
1416
+15
🇹🇷 Teutons · Türkiye
1408
+16
🇹🇷 Turks · Türkiye
1333
+19
🇹🇷 Saracens · Türkiye
1267
+22
🇦🇷 Bulgarians · Argentina
1439
-20
🇪🇸 Hindustanis · Spain
1392
-18
🇦🇷 Japanese · Argentina
1375
-17
🇦🇷 Vietnamese · Argentina
1375
-17
Jogadinha do Paqueta
3:31 Loom
12:19 Feudal Age
16:49 Castle Age
15:16 Double-Bit Axe
20:13 Wheelbarrow
20:21 Horse Collar
Mr.Brrum
10:07 Loom
12:31 Feudal Age
16:15 Castle Age
15:52 Double-Bit Axe
21:17 Horse Collar
24:13 Bow Saw
jAvi
8:30 Loom
10:51 Feudal Age
9:09 Loom
13:31 Fletching
18:51 Man-at-Arms
23:19 Castle Age
24:42 Scale Barding Armor
24:48 Forging
Mari4N
5:16 Loom
13:16 Feudal Age
18:11 Castle Age
ysk
4:31 Loom
14:16 Feudal Age
24:31 Castle Age
Sem
5:47 Loom
14:58 Feudal Age
26:31 Castle Age
24:54 Double-Bit Axe
OsmanAbi
3:13 Loom
13:26 Feudal Age
14:32 Town Watch
17:18 Castle Age
21:22 Fletching
albanplumed
5:04 Loom
14:33 Feudal Age
18:08 Fletching
22:48 Castle Age
22:38 Horse Collar
23:38 Crossbowman
Connection lost

Rejoining the realm…

Still unreachable

The connection could not be restored.

Session expired

The server has moved on; the page needs a fresh start.